 Dungeon Crawl Stone Soup version 0.25-a0-545-ge4db218afc (webtiles) character file.

Game seed: 15411384703687444617, levelgen mode: deterministic

69 Forecaster the Magician (level 4, -3/36 HPs)
             Began as a Naga Wizard on Feb 21, 2020.
             Was an Initiate of Fedhas.
             Slain by a howler monkey (7 damage)
             ... on level 3 of the Dungeon.
             The game lasted 00:17:56 (3603 turns).

Forecaster the Magician (Naga Wizard)               Turns: 3603, Time: 00:17:57

Health: -3/36      AC:  4    Str: 10    XL:     4   Next: 20%
Magic:  1/10       EV:  9    Int: 18    God:    Fedhas [......]
Gold:   188        SH:  0    Dex: 10    Spells: 6/11 levels left

rFire    . . .     SeeInvis +   p - +0 rapier
rCold    . . .     Gourm    .   (no shield)
rNeg     . . .     Faith    +   q - +0 leather armour
rPois    +         Spirit   .   b - +0 hat
rElec    .         Reflect  .   (no cloak)
rCorr    .         Harm     .   x - +1 pair of gloves
MR       .....                  (no barding)
Stlth    ++........             k - amulet of faith
HPRegen  0.12/turn              r - ring of wizardry
MPRegen  0.12/turn              (no ring)

@: flying, very slightly contaminated, very slow
A: large, see invisible, deformed body, poison resistance, slowness 2, slow
metabolism 1, spit poison 1, AC +1
a: Spit Poison, Renounce Religion


You were on level 3 of the Dungeon.
You worshipped Fedhas.
Fedhas was noncommittal.
You were not hungry.

You visited 1 branch of the dungeon, and saw 4 of its levels.

You collected 188 gold pieces.

Inventory:

Hand Weapons
 c - a +0 hand axe
 h - a +0 dagger
 n - a +0 dagger
 p - a +0 rapier (weapon)
Missiles
 e - 48 stones (quivered)
 v - 32 sling bullets
 y - 77 bolts
Armour
 a - a +0 robe
 b - a +0 hat (worn)
 o - a +0 leather armour
 q - a +0 leather armour (worn)
 w - a +0 pair of gloves
 x - a +1 pair of gloves (worn)
Jewellery
 k - an amulet of faith (around neck)
 r - a ring of wizardry (left hand)
 A - an uncursed ring of see invisible
 C - an uncursed amulet of the gourmand
Scrolls
 g - 4 scrolls of identify
 l - 2 scrolls of remove curse
Potions
 f - a potion of resistance {unknown}
 i - a potion of haste {unknown}
 j - a potion of might {unknown}
 m - a potion of curing {unknown}
 s - a potion of flight
 u - a potion of invisibility {unknown}
 z - a potion of magic {unknown}
Comestibles
 d - 2 rations


   Skills:
 + Level 0.8 Short Blades
 + Level 0.5 Armour
 + Level 1.8 Dodging
 + Level 3.2 Stealth
 + Level 4.1 Spellcasting
 + Level 1.1 Conjurations
 + Level 1.1 Summonings
 + Level 1.0 Translocations


You had 6 spell levels left.
You knew the following spells:

 Your Spells              Type           Power        Failure   Level  Hunger
a - Magic Dart            Conj           #...         5%          1    None
b - Call Imp              Summ           #.......     8%          2    ##.....
c - Blink                 Tloc           N/A          9%          2    ##.....

Your spell library contained the following spells:

 Spells                   Type           Power        Failure   Level  Hunger
 Slow                     Hex            #.......     12%         2    ##.....
 Conjure Flame            Conj/Fire      #.......     19%         3    ###....
 Mephitic Cloud           Conj/Pois/Air  #.......     21%         3    ###....


Dungeon Overview and Level Annotations

Branches:
Dungeon (4/15)
 Temple: D:4-7

Altars:
Fedhas
Gozag
Nemelex Xobeh
The Shining One

Annotations:
D:4 Blork the orc


Innate Abilities, Weirdness & Mutations

You cannot wear boots.
Your serpentine skin is tough. (AC +1)
You have supernaturally acute eyesight. (SInv)
Armour fits poorly on your strangely shaped body.
Your system is resistant to poisons. (rPois)
You cover ground very slowly.
You have a slow metabolism.
You can spit poison.


Message History

You blink.
The howler monkey hoots and howls with incredible vigour!
Casting: Blink (safe; 9% risk of failure)
Confirm with . or Enter, or press ? or * to list all spells.
You miscast Blink.
You are very lightly contaminated with residual magic.
The air around you crackles with energy!
Casting: Blink (safe; 9% risk of failure)
Confirm with . or Enter, or press ? or * to list all spells.
You blink.
Okay, then.
Press: ? - help, v - describe, . - travel
Here: a howler monkey (catching its breath)
The floor.
A howler monkey is nearby!
It was a potion of flight.
You feel very buoyant.
You fly up into the air.
The howler monkey hits you!
You die...
Fedhas appreciates your contribution to the ecosystem.

##.## #.#.......# #........## #.#
#.####.##.# #####.##### #.#
#.####.##.# #.# ##'## #......##.#
#.# ##...###########.# #.#
##.....## ####.# #.###
##.......## ##.##.# #.#.##
#.........####...#.########....##
'.........+.....@h.....>.........
#.........####.....##.#####....##
##.......## ##.##.##.## #.#.##
###.....## ####.#...# #.### #
##...## #.#.#.## #.# # ##+##
#...#..###.# #####.####
##..###..##.# ##.......#
##..##.##..#.# #.##.##.#
##..##...##...#


You could see a howler monkey.

Vanquished Creatures
  2 adders
  4 bats
  6 giant cockroaches
  9 goblins
  A hobgoblin (D:2)
  3 kobolds
  2 frilled lizards (D:2)
  6 rats
33 creatures vanquished.

Vanquished Creatures (collateral kills)
  2 dart slugs (D:1)
  3 goblins
  2 hobgoblins (D:1)
  A bat (D:1)
  4 frilled lizards
  3 kobolds
  A rat (D:1)
16 creatures vanquished.

Grand Total: 49 creatures vanquished

Notes
Turn   | Place    | Note
-------+----------+-------------------------------------------
     0 | D:1      | Forecaster the Naga Wizard began the quest for the Orb.
     0 | D:1      | Reached XP level 1. HP: 15/15 MP: 4/4
   157 | D:1      | Reached XP level 2. HP: 6/22 MP: 0/6
   161 | D:1      | Learned a level 2 spell: Call Imp
   164 | D:1      | Learned a level 2 spell: Blink
   953 | D:1      | HP: 1/22 [giant cockroach (1)]
   954 | D:1      | Reached XP level 3. HP: 1/28 MP: 0/8
  1968 | D:2      | Reached skill level 4 in Spellcasting
  2454 | D:3      | Found a glowing golden altar of the Shining One.
  2565 | D:3      | Found an opulent altar of Gozag.
  2565 | D:3      | Found a sparkling altar of Nemelex Xobeh.
  2818 | D:3      | Reached XP level 4. HP: 36/36 MP: 7/10
  3137 | D:3      | Found a blossoming altar of Fedhas.
  3145 | D:3      | Became a worshipper of Fedhas Madash
  3434 | D:4      | Noticed Blork the orc
  3603 | D:3      | Slain by a howler monkey

Levels and vault maps discovered:
D:1:      nagdon_arrival_double_spiral, layout_loops_corners
D:2:      layout_loops_ring, minmay_lizard_pond
D:3:      layout_loops_corners, grunt_temple_overflow_opulence,
          lemuel_coloured_pillars_altar, tso_metal_star
D:4:      layout_rooms, nicolae_ru_awakened_eye, gup_sewer_entry_bubbles,
          first_ration, uniq_pikel, uniq_grinder, uniq_blork_the_orc, uniq_purgy

Skill      XL: |  1  2  3 |
---------------+----------+-----
Spellcasting   | 4 |  4.1
Short Blades   | |  0.8
Armour         | |  0.5
Dodging        | |  1.8
Stealth        | |  3.2
Conjurations   | |  1.1
Summonings     | |  1.1
Translocations | |  1.0

Action                   |  1- 3 |  4- 6 || total
-------------------------+-------+-------++-------
Melee: Dagger            |    61 |       ||    61
       Rapier            |    44 |    14 ||    58
 Cast: Magic Dart        |    47 |     5 ||    52
       Call Imp          |    16 |     7 ||    23
       Blink             |       |     2 ||     2
  Use: Scroll            |       |     5 ||     5
       Potion            |       |     1 ||     1
 Stab: Sleeping          |     1 |       ||     1
  Eat: Chunk             |     5 |     1 ||     6
       Ration            |       |     1 ||     1
Armor: Robe              |    16 |       ||    16
       Leather armour    |    15 |     7 ||    22
Dodge: Dodged            |    74 |    16 ||    90

Table legend:
 A = Non-vault XP
 B = Vault XP
 C = Vault XP percentage of total XP
 D = Non-vault monster count
 E = Vault monster count
 F = Vault count percentage of total count
                 A         B        C        D         E       F
            +---------+---------+-------+---------+---------+-------
      Total |      94 |       5 |   5.1 |      44 |       5 |  10.2
            +---------+---------+-------+---------+---------+-------
        D:1 |      45 |       0 |   0.0 |      27 |       0 |   0.0
        D:2 |      22 |       5 |  18.5 |       7 |       5 |  41.7
        D:3 |      27 |       0 |   0.0 |      10 |       0 |   0.0
            +---------+---------+-------+---------+---------+-------
